 Dungeon Crawl Stone Soup version 0.28-a0-793-g31680bbd8b (webtiles) character file.

Game seed: 764051739152520430

67 ytrimaz the Skirmisher (level 4, 19/35 HPs)
             Began as a Demonspawn Fighter on Nov 4, 2021.
             Quit the game on level 2 of the Dungeon.
             The game lasted 00:01:24 (1066 turns).

ytrimaz the Skirmisher (Demonspawn Fighter)         Turns: 1066, Time: 00:01:25

Health: 19/35      AC:  6    Str: 18    XL:     4   Next: 0%
Magic:  4/4        EV: 13    Int:  9    God:
Gold:   84         SH:  4    Dex: 12    Spells: 3/3 levels left

rFire   . . .      SeeInvis .   a - +0 rapier
rCold   . . .      Faith    .   c - +0 buckler
rNeg    + . .      Spirit   .   b - +0 scale mail
rPois   .          Reflect  .   (no helmet)
rElec   .          Harm     .   (no cloak)
rCorr   .          Rampage  .   (no gloves)
Will    .....                   (no boots)
Stlth   ..........              (no amulet)
HPRegen 0.11/turn               f - ring of positive energy
MPRegen 0.09/turn               d - +4 ring of evasion

@: no status effects
A: demonic touch 1
a: no special abilities


You were on level 2 of the Dungeon.
You visited 1 branch of the dungeon, and saw 2 of its levels.

You collected 84 gold pieces.

Inventory:

Hand Weapons
 a - a +0 rapier (weapon)
Armour
 b - a +0 scale mail (worn)
 c - a +0 buckler (worn)
Jewellery
 d - a +4 ring of evasion (right hand)
 f - a ring of positive energy (left hand)
Potions
 e - a potion of heal wounds {unknown}
 g - a potion of lignification {unknown}


   Skills:
 + Level 3.3 Fighting
 * Level 2.6 Short Blades
 + Level 3.0 Armour
 * Level 1.1 Dodging
 + Level 3.1 Shields


You had 3 spell levels left.
You didn't know any spells.
Your spell library was empty.

Dungeon Overview and Level Annotations

Branches:
Dungeon (2/15)

Altars:


Innate Abilities, Weirdness & Mutations

Your touch may inflict minor irresistible damage on your foes.


Message History

You see here a ball python corpse.
Unknown command.
You hit the goblin.
The goblin is moderately wounded.
The goblin misses you.
You barely miss the goblin.
The goblin is moderately wounded.
The goblin hits you but does no damage.
You hit the goblin.
You kill the goblin!
The endoplasm misses you. The adder bites you but does no damage.
You barely miss the adder.
The endoplasm hits you but does no damage.
The adder bites you. The endoplasm closely misses you.
Unknown command.
You puncture the adder!
The adder is almost dead.
The adder bites you but does no damage. The endoplasm hits you.
The adder bites you.
You closely miss the adder.
The adder is almost dead.
You block the adder's attack. The endoplasm barely misses you.
You puncture the adder!
You kill the adder!
The endoplasm freezes you.
You are frozen.
Your Dodging skill increases to level 1!
The endoplasm barely misses you.
Things that are here:
a +0 club; an adder corpse; a goblin corpse Unknown command.
The endoplasm freezes you.
You are frozen.
You block the endoplasm's attack. The endoplasm closely misses you.
You puncture the endoplasm!
You kill the endoplasm!
You have reached level 4!
You feel stronger.
Are you sure you want to abandon this character and quit the game? (Confirm with "yes".)

#...........# ...
#...........# ..
#...|.......# #.#
###.####.#### #.. #.#
#.# #..# #.# #.# #...
#####.####.#
####.#.###.†..........
.......@..)###.####.##
###........# #.#
#........# #.#
#........# #.#
#........# #+#
#........# #........#
#........# #........#


There were no monsters in sight!

Vanquished Creatures
  3 gnolls (D:2)
  An adder (D:2)
  2 dart slugs (D:1)
  3 endoplasms
  A goblin (D:2)
  3 hobgoblins
  2 kobolds (D:1)
  2 ball pythons
  6 bats
  2 frilled lizards
  4 rats (D:1)
29 creatures vanquished.

Notes
Turn   | Place    | Note
-------+----------+-------------------------------------------
     0 | D:1      | ytrimaz the Demonspawn Fighter began the quest for the Orb.
     0 | D:1      | Reached XP level 1. HP: 18/18 MP: 1/1
   256 | D:1      | Gained mutation: Your touch may inflict minor irresistible
                  | damage on your foes. [demonic ancestry]
   256 | D:1      | Reached XP level 2. HP: 20/24 MP: 2/2
   771 | D:2      | Reached XP level 3. HP: 23/29 MP: 3/3
  1060 | D:2      | Reached skill level 1 in Dodging
  1065 | D:2      | Reached XP level 4. HP: 18/35 MP: 4/4
  1066 | D:2      | Quit the game

Illustrated notes

Levels and vault maps discovered:
D:1:      dpeg_arrival_more_subterranean_lakeside_camping, layout_loops_ring
D:2:      layout_basic, serial_shops, nicolae_diamond_shop, amethyst_killhole

Skill      XL: |  1  2  3 |
---------------+----------+-----
Short Blades   | 2 |  2.6
Shields        | 3 |  3.1
Armour         | 3 |  3.0
Dodging        | 1 |  1.1
Fighting       | |  3.3

Action                   |  1- 3 |  4- 6 || total
-------------------------+-------+-------++-------
Melee: Rapier            |    70 |       ||    70
  Use: Scroll            |     1 |       ||     1
       Potion            |     1 |       ||     1
Armor: Scale mail        |    38 |       ||    38
Dodge: Dodged            |    43 |       ||    43
Block: Buckler           |    33 |       ||    33

Table legend: (Time is in decaauts)
 A = Elapsed time spent in this place.
 B = Non-inter-level travel time spent in this place.
 C = Inter-level travel time spent in this place.
 D = Time resting spent in this place.
 E = Time spent auto-exploring this place.
 F = Levels seen in this place.
 G = Mean time per level.
                   A        B        C        D        E       F      G
               +--------+--------+--------+--------+--------+-----+--------+
         Total |   1074 |   1040 |     34 |      0 |    821 |   2 |  537.0 |
       Dungeon |   1074 |   1040 |     34 |      0 |    821 |   2 |  537.0 |
               +--------+--------+--------+--------+--------+-----+--------+

Top non-repeatable levels by time:
     D:1: 762 daAuts
     D:2: 312 daAuts
